 Dungeon Crawl Stone Soup version 0.25-a0-566-g062765be81 (webtiles) character file.

Game seed: 6689210135557284630, levelgen mode: deterministic

88 kae the Sneak (level 4, 0/24 HPs)
             Began as a Kobold Enchanter on Feb 27, 2020.
             Slain by an adder (5 damage)
             ... on level 3 of the Dungeon.
             The game lasted 00:01:55 (2295 turns).

kae the Sneak (Kobold Enchanter)                    Turns: 2295, Time: 00:01:55

Health: 0/24       AC:  3    Str:  5    XL:     4   Next: 81%
Magic:  4/8        EV: 14    Int: 17    God:
Gold:   111        SH:  4    Dex: 15    Spells: 5/8 levels left

rFire    + . .     SeeInvis .   a - +1 dagger
rCold    . . .     Gourm    .   k - +0 buckler
rNeg     . . .     Faith    .   b - +0 robe
rPois    .         Spirit   .   (no helmet)
rElec    .         Reflect  .   (no cloak)
rCorr    .         Harm     .   q - +0 pair of gloves
MR       .....                  (no boots)
Stlth    ++........             (no amulet)
HPRegen  0.08/turn              c - ring of protection from fire
MPRegen  0.11/turn              l - ring of attention (curse)

@: lethally poisoned (0 -> -4), very slightly contaminated
A: small, carnivore
a: no special abilities


You were on level 3 of the Dungeon.
You were full.

You visited 1 branch of the dungeon, and saw 3 of its levels.

You collected 111 gold pieces.

Inventory:

Hand Weapons
 a - a +1 dagger (weapon)
Armour
 b - a +0 robe (worn)
 k - a +0 buckler (worn)
 q - a +0 pair of gloves (worn)
Jewellery
 c - a ring of protection from fire (left hand)
 l - a cursed ring of attention (right hand)
Scrolls
 e - a scroll of magic mapping
 f - a scroll of identify
 g - a scroll of enchant armour {unknown}
Potions
 i - a potion of curing
 m - 2 potions of heal wounds {unknown}
 n - a potion of degeneration {unknown}
 p - 2 potions of cancellation {unknown}
Comestibles
 d - 5 rations


   Skills:
 * Level 3.5 Short Blades
 - Level 2.4 Dodging
 + Level 4.7 Stealth
 + Level 0.4 Shields
 + Level 2.7 Spellcasting
 + Level 3.5 Hexes


You had 5 spell levels left.
You knew the following spells:

 Your Spells              Type           Power        Failure   Level  Hunger
a - Corona                Hex            ##.....      7%          1    #......
b - Ensorcelled Hibernat  Hex/Ice        #.....       22%         2    ##.....

Your spell library contained the following spells:

 Spells                   Type           Power        Failure   Level  Hunger
 Confusing Touch          Hex            ##......     21%         3    ###....
 Tukima's Dance           Hex            ##......     21%         3    ###....
 Dazzling Flash           Conj/Hex       #.....       38%         3    ###....


Dungeon Overview and Level Annotations

Branches:
Dungeon (3/15)

Altars:


Innate Abilities, Weirdness & Mutations

You are small and have problems with some larger weapons.
You are carnivorous and can eat meat at any time.


Message History

You hit the adder.
The adder is severely wounded.
You block the adder's attack.
Casting: Ensorcelled Hibernation (safe; 22% risk of failure)
Confirm with . or Enter, or press ? or * to list all spells.
Aiming: Ensorcelled Hibernation (safe; 22% risk of failure)
Press: ? - help, Shift-Dir - straight line, f/p - adder
Aim: an adder (severely wounded, softly glowing, chance to defeat MR: 49%)
You miscast Ensorcelled Hibernation.
You are very lightly contaminated with residual magic.
Frost covers your body. The adder misses you.
You hit the adder.
The adder is almost dead.
The adder closely misses you.
You barely miss the adder.
The adder is almost dead.
You feel sick. The adder bites you.
* * * LOW HITPOINT WARNING * * *
The adder bites you.
You die...

#.# #.# #####.....##.
#.# #.# ##...###. #.#
#.# #######>####. #.#
*.# #............ #.#
*,***#.#####.####. #.#
*,,,,.......># #. #.#
*****#.####### ##.
#.#########.##**** #..
#.....@S......,,,***#..
#########.....,,,......
*,*.##**,####.# *,*,*
*,* #.# *,*,* *,***#.#
*,*,****,,,,..#
*,,,,,******#*#
*,,,,,***######
*,,,,,,,,,...##


You could see an adder.

Vanquished Creatures
  A bullfrog skeleton (D:3)
  2 adders (D:2)
  A worm (D:2)
  2 dart slugs (D:2)
  A leopard gecko (D:3)
  2 ball pythons
  7 bats
  4 giant cockroaches
  3 hobgoblins
  3 kobolds
  A goblin (D:2)
  8 rats
35 creatures vanquished.

Notes
Turn   | Place    | Note
-------+----------+-------------------------------------------
     0 | D:1      | kae the Kobold Enchanter began the quest for the Orb.
     0 | D:1      | Reached XP level 1. HP: 10/10 MP: 3/3
   251 | D:1      | Reached XP level 2. HP: 9/15 MP: 3/5
   561 | D:1      | Learned a level 2 spell: Ensorcelled Hibernation
  1204 | D:2      | Reached XP level 3. HP: 19/19 MP: 6/6
  1917 | D:3      | Reached XP level 4. HP: 24/24 MP: 7/7
  2295 | D:3      | Slain by an adder

Levels and vault maps discovered:
D:1:      sevenhm_arrival_forest_fort_large_2, layout_basic,
          chequers_serial_rivers_room_b
D:2:      layout_loops_corners, first_ration
D:3:      layout_loops_ring

Skill      XL: |  1  2  3 |
---------------+----------+-----
Short Blades   | 2 3 |  3.5
Dodging        | |  2.4
Stealth        | |  4.7
Shields        | |  0.4
Spellcasting   | |  2.7
Hexes          | |  3.5

Action                   |  1- 3 |  4- 6 || total
-------------------------+-------+-------++-------
Melee: Dagger            |    84 |    70 ||   154
 Cast: Corona            |     3 |     2 ||     5
       Ensorcelled Hiber |     5 |     1 ||     6
  Use: Scroll            |     6 |       ||     6
 Stab: Sleeping          |    12 |     1 ||    13
  Eat: Chunk             |     6 |     4 ||    10
Armor: Robe              |    10 |     9 ||    19
Dodge: Dodged            |    65 |    58 ||   123
Block: Buckler           |     3 |    14 ||    17

Table legend:
 A = Non-vault XP
 B = Vault XP
 C = Vault XP percentage of total XP
 D = Non-vault monster count
 E = Vault monster count
 F = Vault count percentage of total count
                 A         B        C        D         E       F
            +---------+---------+-------+---------+---------+-------
      Total |     126 |       0 |   0.0 |      35 |       0 |   0.0
            +---------+---------+-------+---------+---------+-------
        D:1 |      18 |       0 |   0.0 |      13 |       0 |   0.0
        D:2 |      47 |       0 |   0.0 |      10 |       0 |   0.0
        D:3 |      61 |       0 |   0.0 |      12 |       0 |   0.0
            +---------+---------+-------+---------+---------+-------
